AoeStats
← IdliDosa

Arena

506674791Analyzed
2v2 RM · 17d ago on Sep 14, 2026· 44m 54s· 4 players
Game mode
Random Map
Map size
Medium (4 player)
Population
200
Speed
Normal
Resources
Standard
Victory
Conquest
Starting age
Dark Age
Ending age
Imperial Age
RankedLock teamsTeams togetherTeam positionsShared explorationLock speedFull tech treeHidden civsTurbo modeCheats
Victory
Defeat
🇮🇳 Japanese · India
1226
+13
🇹🇷 Huns · Türkiye
1170
+15
🇦🇷 Turks · Argentina
1156
-14
🇦🇷 Armenians · Argentina
1143
-14
GonzaTuc
11:35 Feudal Age
16:48 Castle Age
20:45 Imperial Age
20:52 Double-Bit Axe
37:19 Town Watch
38:28 Bow Saw
42:08 Forging
42:04 Scale Barding Armor
42:16 Heavy Camel Rider
43:08 Bloodlines
43:20 Husbandry
43:11 Horse Collar
44:11 Wheelbarrow
43:23 Loom
45:01 Iron Casting
S2.cristianfayad
10:18 Feudal Age
11:54 Loom
15:33 Man-at-Arms
22:15 Castle Age
21:15 Long Swordsman
21:54 Gold Mining
21:51 Double-Bit Axe
25:41 Wheelbarrow
25:29 Horse Collar
30:01 Bow Saw
31:16 Murder Holes
38:57 Heavy Plow
40:21 Stone Mining
41:34 Fletching
41:45 Padded Archer Armor
43:44 Ballistics
45:06 Bodkin Arrow
bulger97
11:06 Feudal Age
16:10 Castle Age
14:16 Double-Bit Axe
14:28 Horse Collar
24:23 Bow Saw
25:56 Scale Barding Armor
26:02 Forging
27:17 Chain Barding Armor
29:52 Heavy Plow
31:17 Iron Casting
31:18 Elite Skirmisher
32:07 Fletching
32:17 Padded Archer Armor
33:14 Marauders
34:10 Thumb Ring
37:12 Imperial Age
34:54 Bodkin Arrow
35:14 Leather Archer Armor
37:41 Wheelbarrow
36:52 Town Watch
36:53 Loom
37:38 Bloodlines
37:29 Husbandry
37:23 Elite Tarkan
39:21 Blast Furnace
39:21 Conscription
39:41 Plate Barding Armor
39:57 Ballistics
40:37 Chemistry
40:49 Two-Man Saw
40:19 Leather Archer Armor
40:41 Bracer
IdliDosa
11:18 Feudal Age
15:09 Castle Age
13:38 Loom
14:26 Fletching
14:37 Horse Collar
14:43 Double-Bit Axe
15:40 Gold Mining
15:43 Stone Mining
22:43 Bow Saw
23:23 Heavy Plow
26:03 Scale Mail Armor
27:39 Chain Mail Armor
28:36 Forging
30:00 Iron Casting
33:43 Squires
33:29 Arson
35:07 Wheelbarrow
35:54 Bodkin Arrow
37:11 Ballistics
36:28 Elite Skirmisher
37:30 Padded Archer Armor
37:42 Thumb Ring
38:29 Gold Mining
39:18 Leather Archer Armor
42:19 Imperial Age
41:58 Hand Cart
41:29 Town Watch
43:27 Conscription
43:12 Elite Samurai
44:24 Plate Mail Armor
44:55 Blast Furnace
45:05 Bracer
46:07 Chemistry
Connection lost

Rejoining the realm…

Still unreachable

The connection could not be restored.

Session expired

The server has moved on; the page needs a fresh start.